 Dungeon Crawl Stone Soup version 0.31-a0-841-g038b102fc3 (webtiles) character file.

Game seed: 10992203957364484271

53 Kurtz the Chopper (level 3, -2/26 HPs)
             Began as an Octopode Fighter on Sept 27, 2023.
             Slain by a phantom (3 damage)
             ... on level 3 of the Dungeon.
             The game lasted 00:00:54 (1144 turns).

Kurtz the Chopper (Octopode Fighter)                Turns: 1144, Time: 00:00:54

Health: -2/26      AC:  1    Str: 17    XL:     3   Next: 87%
Magic:  3/3        EV: 13    Int: 10    God:
Gold:   105        SH:  9    Dex: 11    Spells: 2/2 levels left

rFire   . . .        a - +0 war axe
rCold   . . .        b - +0 buckler
rNeg    . . .        (helmet restricted)
rPois   .            j - amulet of reflection
rElec   .            (no ring)
rCorr   .            (no ring)
SInv    .            (no ring)
Will    .....        (no ring)
Stlth   +++          (no ring)
HPRegen 0.24/turn    (no ring)
MPRegen 0.08/turn    (no ring)
                     (no ring)

%: reflection
@: no status effects
A: almost no armour, amphibious, 8 rings, camouflage 1, gelatinous body 1,
(nimble swimmer 1), tentacles
a: no special abilities


You were on level 3 of the Dungeon.
You visited 1 branch of the dungeon, and saw 3 of its levels.

You collected 105 gold pieces.

Inventory:

Hand Weapons
 a - a +0 war axe (weapon)
Armour
 b - a +0 buckler (worn)
Jewellery
 j - an amulet of reflection (around mantle)
 k - an amulet of magic regeneration
Wands
 h - a wand of polymorph (4)
 l - a wand of flame (10)
Scrolls
 f - a scroll of noise {unknown}
 g - 2 scrolls of poison {unknown}
 i - a scroll of fog {unknown}
Potions
 c - a potion of might
 d - 4 potions of magic {unknown}
 e - a potion of degeneration {unknown}


   Skills:
 - Level 3.0 Fighting
 * Level 3.9 Axes
 - Level 3.0 Dodging
 + Level 1.3 Stealth
 - Level 3.0 Shields


You had 2 spell levels left.
You didn't know any spells.
Your spell library was empty.

Dungeon Overview and Level Annotations

Branches:
Dungeon (3/15)

Altars:


Innate Abilities, Weirdness & Mutations

You cannot wear most types of armour.
You are amphibious.
You can wear up to eight rings at the same time.
Your skin changes colour to match your surroundings (Stealth+).
Your rubbery body absorbs attacks. (AC +1, EV +1)
((You are camouflaged when in or above water. (Stealth+)))
You have tentacles for arms and can constrict up to eight enemies at once.


Message History

g - 2 scrolls labelled NIULUUXASU (gained 1)
l - a wand of flame (10) Key pressed, stopping explore.
No target in view!
No target in view!
A quokka is nearby!
A quokka is nearby!
A quokka is nearby!
A phantom comes into view.
A ball python comes into view.
Found 3 gold pieces.
Found a pair of boots.
You hit the phantom but do no damage. The phantom hits you.
The quokka completely misses you. The phantom hits you!
The phantom blinks!
You blink.
You closely miss the phantom. The phantom barely misses you.
Unknown command.
You slash the phantom!
The phantom is moderately damaged.
The phantom barely misses you.
You slash the phantom!
The phantom is heavily damaged.
The phantom hits you.
The phantom blinks!
You blink.
The phantom hits you.
The phantom blinks!
You blink.
You slash the phantom!
The phantom is almost destroyed.
The phantom hits you.
* * * LOW HITPOINT WARNING * * *
The phantom blinks!
You blink.
Unknown command.
You closely miss the phantom.
You squeeze the phantom, but do no damage.
The phantom is severely damaged.
The phantom closely misses you.
You miss the phantom.
The phantom is severely damaged.
The phantom hits you.
* * * LOW HITPOINT WARNING * * *
The phantom blinks!
You blink.
The phantom hits you.
You die...

#. #.##........##..
#.. #.##.†)..###...
.##.###...†........##
............##....####
##...#.#.............
#.....§§......###...
......#.....##.# #.
.###..#W....##.# #.
#@######.# ..
#r##.....# .
#.##...###.#
#.##...#...#. #
#.##..........
#S#.##...####.##
#.#.##...# #.......##
#......##


You could see a phantom and a quokka.

Vanquished Creatures
  An adder (D:2)
  An orc (D:3)
  4 endoplasms
  A giant cockroach (D:2)
  2 goblins (D:1)
  5 hobgoblins (D:1)
  6 jackals
  2 quokkas (D:3)
  4 ball pythons
  2 bats (D:1)
  2 frilled lizards (D:1)
  6 kobolds
  2 rats
38 creatures vanquished.

Vanquished Creatures (others)
  An endoplasm (D:2)
1 creature vanquished.

Grand Total: 39 creatures vanquished

Notes
Turn   | Place    | Note
-------+----------+-------------------------------------------
     0 | D:1      | Kurtz the Octopode Fighter began the quest for the Orb.
     0 | D:1      | Reached XP level 1. HP: 16/16 MP: 1/1
   212 | D:1      | Reached XP level 2. HP: 17/21 MP: 2/2
   677 | D:1      | Reached XP level 3. HP: 26/26 MP: 3/3
   907 | D:2      | Reached skill level 1 in Stealth
  1134 | D:3      | Noticed a phantom
  1144 | D:3      | HP: 1/26 [phantom (6)]
  1144 | D:3      | Slain by a phantom

Illustrated notes

Levels and vault maps discovered:
D:1:      dpeg_arrival_short_road, layout_loops_ring, solitary_fountain,
          st_stairs_6
D:2:      layout_rooms, basic_ecumenical_altar, lemuel_flame_loot_1
D:3:      layout_rooms, serial_undead, serial_undead_c, serial_undead_c,
          serial_undead_e, serial_undead_d

Skill      XL: |  1  2  3 |
---------------+----------+-----
Axes           | 3 |  3.9
Stealth        | 1 |  1.3
Fighting       | |  3.0
Dodging        | |  3.0
Shields        | |  3.0

Action                     || total
---------------------------++-------
  Melee: War axe           ||    69
         Constrict         ||    16
         Tentacles         ||    12
         Punch             ||     1
   Stab: Sleeping          ||     9
 Armour: Skin              ||    25
  Dodge: Dodged            ||    38
  Block: Buckler           ||    10

Table legend: (Time is in decaauts)
 A = Elapsed time spent in this place.
 B = Non-inter-level travel time spent in this place.
 C = Inter-level travel time spent in this place.
 D = Time resting spent in this place.
 E = Time spent auto-exploring this place.
 F = Levels seen in this place.
 G = Mean time per level.
                   A        B        C        D        E       F      G
               +--------+--------+--------+--------+--------+-----+--------+
         Total |   1168 |   1044 |    124 |      0 |    781 |   3 |  389.3 |
       Dungeon |   1168 |   1044 |    124 |      0 |    781 |   3 |  389.3 |
               +--------+--------+--------+--------+--------+-----+--------+

Top non-repeatable levels by time:
     D:1: 845 daAuts
     D:2: 219 daAuts
     D:3: 103 daAuts
